 Dungeon Crawl Stone Soup version 0.20-a0-399-g87fc977 (webtiles) character file.

50314 AlphabetPasta the Grappler (level 14, 0/113 HPs)
             Began as a Yellow Draconian Transmuter on Dec 29, 2016.
             Was the Champion of Makhleb.
             Slain by a hornet (6 damage)
             ... created by a shambling mangrove
             ... on level 6 of the Lair of Beasts on Dec 31, 2016.
             The game lasted 02:52:56 (22019 turns).

AlphabetPasta the Grappler (DrTm)                  Turns: 22019, Time: 02:52:57

Health: 0/113      AC: 20    Str: 15    XL:     14   Next: 19%
Magic:  20/26      EV: 17    Int: 19    God:    Makhleb [******]
Gold:   1004       SH:  0    Dex: 13    Spells: 7/29 levels left

rFire  . . .     SeeInvis .       - Unarmed
rCold  . . .     Gourm    .     (armour unavailable)
rNeg   . . .     Faith    .     (shield currently unavailable)
rPois  .         Spirit   .     (helmet restricted)
rElec  .         Reflect  .     g - +2 cloak
rCorr  +         Harm     .     (gloves currently unavailable)
MR     +....                    u - +2 pair of boots
Stlth  ..........               U - amulet of regeneration
                                x - +4 ring of intelligence
                                v - ring of loudness (curse)

@: lethally poisoned (0 -> -2), icy armour, blade hands (expiring), very
slightly contaminated, slowed, repel missiles, very slow
A: spit acid, acid resistance, unfitting armour, acidic bite, cold-blooded, AC
+8
a: Breathe Acid, End Transformation, Minor Destruction, Lesser Servant of
Makhleb, Major Destruction, Greater Servant of Makhleb, Renounce Religion


You were on level 6 of the Lair of Beasts.
You worshipped Makhleb.
Makhleb was exalted by your worship.
You were not hungry.
You had blades for hands.
You visited 3 branches of the dungeon, and saw 19 of its levels.

You collected 1316 gold pieces.
You spent 312 gold pieces at shops.

Inventory:

Hand Weapons
 J - the +6 arbalest of Flawed Execution {elec, rF- rC++}
   (You found it on level 8 of the Dungeon)

   It charges the ammunition it shoots with electricity; occasionally upon a
   hit, such missiles may discharge and cause terrible harm.
   It makes you vulnerable to fire.
   It greatly protects you from cold.
Missiles
 z - 64 bolts
Armour
 f - a +0 pair of gloves (melded)
 g - a +2 cloak (worn)
 u - a +2 pair of boots (worn)
Magical Staves
 e - an uncursed staff of poison
Jewellery
 a - the amulet "Dir Iby" {*Slow +Rage rF+ Str+7 Slay+2}
   (You found it on level 4 of the Lair of Beasts)

   [amulet of rage]

   It affects your strength (+7).
   It affects your accuracy and damage with ranged weapons and melee attacks
   (+2).
   It protects you from fire.
   It lets you go berserk.
   It may slow you when you take damage.
 b - a cursed ring of teleportation {unknown}
 v - a cursed ring of loudness (left scythe-like blade)
 x - a +4 ring of intelligence (right scythe-like blade)
 R - an uncursed ring of magical power
 U - an amulet of regeneration (around neck)
 W - an uncursed ring of ice
Wands
 k - a wand of digging (4/24)
 l - a wand of flame (1/48)
 m - a wand of lightning (13/15)
 q - a wand of random effects (17/48)
 w - a wand of digging (16/24)
 y - a wand of polymorph (5/24)
 B - a wand of confusion (27/48)
 D - a wand of iceblast (0/15)
 G - a wand of disintegration (12/24)
 I - a wand of confusion (40/48)
 Q - a wand of enslavement (5/24)
 X - a wand of digging (10/24)
Scrolls
 d - 6 scrolls of remove curse
 o - 8 scrolls of teleportation
 M - 2 scrolls of holy word
 O - a scroll of recharging
 T - a scroll of silence
Potions
 i - 3 potions of brilliance
 j - 3 potions of curing
 n - 3 potions of invisibility
 p - 2 potions of agility
 s - 3 potions of flight
 L - 2 potions of resistance
 N - 3 potions of cure mutation
 V - a potion of haste
Books
 P - a book of Frost

   Spells                             Type                      Level
   a - Freeze                         Ice                          1
   b - Throw Frost                    Conjuration/Ice              2
   c - Ozocubu's Armour               Charms/Ice                   3
   d - Throw Icicle                   Conjuration/Ice              4
   e - Summon Ice Beast               Ice/Summoning                4
Comestibles
 c - 8 bread rations
 h - 7 meat rations
 r - 5 chunks of flesh
 t - 10 fruits
 H - 4 beef jerkies


   Skills:
 + Level 7.2 Fighting
 - Level 6.1 Crossbows
 + Level 8.3 Dodging
 * Level 12.2 Unarmed Combat
 + Level 8.3 Spellcasting
 - Level 2.6 Charms
 + Level 1.4 Translocations
 * Level 11.6 Transmutations
 + Level 5.8 Ice Magic
 - Level 1.1 Air Magic
 - Level 1.0 Poison Magic
 - Level 7.3 Invocations
 + Level 5.0 Evocations


You had 7 spell levels left.
You knew the following spells:

 Your Spells              Type           Power        Failure   Level  Hunger
a - Beastly Appendage     Tmut           ######       8%          1    None
b - Sticks to Snakes      Tmut           ######..     8%          2    None
c - Spider Form           Tmut/Pois      ####......   21%         3    None
d - Ice Form              Ice/Tmut       #####...     24%         4    ###....
e - Blade Hands           Tmut           ######....   21%         5    #####..
f - Ozocubu's Armour      Chrm/Ice       ###.....     36%         3    None
g - Repel Missiles        Chrm/Air       ###...       45%         2    None
h - Blink                 Tloc           N/A          45%         2    None


Dungeon Overview and Level Annotations

Branches:
Dungeon (12/15)            Temple (1/1) D:7            Lair (6/6) D:8
 Shoals (0/4) Lair:3        Snake (0/4) Lair:2        Slime (0/5) Lair:5
    Orc (0/2) D:10

Altars:
Ashenzari
Cheibriados
Dithmenos
Elyvilon
Fedhas
Gozag
Hepliaklqana
Kikubaaqudgha
Makhleb
Nemelex Xobeh
Okawaru
Qazlal
Ru
Sif Muna
Trog
Uskayaw
Vehumet
Xom
Yredelemnul
Zin
The Shining One
Jiyva

Shops:
D:4 [   D:5 (   D:6 :?![(   D:7 (

Annotations:
D:12 bombasticus's ghost, journeyman MiBe
Lair:6 exclusion: 3 oklob plants


Innate Abilities, Weirdness & Mutations

You can spit globs of acid.
You are resistant to acid.
Your golden yellow scales are hard. (AC +8)
You cannot fit into any form of body armour.
You have acidic saliva.
You are cold-blooded and may be slowed by cold attacks.


Message History

* * * LOW HITPOINT WARNING * * *
You feel as though you will be slow longer.
You feel sick. The hornet stings you!
* * * LOW HITPOINT WARNING * * *
You are lethally poisoned!
You feel as though you will be slow longer.
The hornet stings you but does no damage. x2
You can move again.
You feel better. The hornet stings you.
* * * LOW HITPOINT WARNING * * *
You feel as though you will be slow longer.
The hornet stings you.
* * * LOW HITPOINT WARNING * * *
You feel as though you will be slow longer.
The hornet stings you.
* * * LOW HITPOINT WARNING * * *
You are poisoned.
You feel as though you will be slow longer.
The hornet stings you.
You die...

### ##...# ####.#########P#
.##..####PP.#####.##...#.#..##..
........÷.......................
.........##..#....#P......P.#..#
##...#..########..#.....##...#..
##.P#.#.###.## #####.....#..#...
.P......##.#.#######...##.......
..........÷.....y#P....##.....P.
........##.....@.......##.......
..#.###.###.##.yy.......##.#....
..#. #.# #.####.##......#.####.
. ..##..# #.# ........P.... . .
......#


P.P ............. .. ........ ...............<.. .. ............................
. .)..f....................... ........≈≈≈≈≈.. P....... You could see 3 hornets.

Vanquished Creatures
  The ghost of Kaishin the Martial Artist, a journeyman OpTm of Sif Muna (D:11)
  Fannar (Lair:3)
  Erolcha (D:10)
  3 hydras
  A catoblepas (Lair:6)
  4 two-headed ogres
  9 death yaks
  The ghost of gg19 the Destroyer, a journeyman TeFE of Vehumet (Lair:1)
  Nergalle (Lair:4)
  An unseen horror (D:11)
  A shambling mangrove (Lair:6)
  An orc knight (D:10)
  3 ugly things
  2 manticores (D:12)
  11 elephants
  A black mamba (Lair:3)
  8 spiny frogs
  7 rime drakes (Lair:2)
  8 komodo dragons
  A hornet (D:11)
  4 blink frogs (Lair:2)
  4 slime creatures (D:10)
  2 trolls
  Prince Ribbit (D:8)
  2 hippogriffs
  6 dream sheep (Lair:6)
  2 wyverns
  26 yaks
  A shadow (D:12)
  A wraith (D:12)
  3 basilisks
  18 steam dragons
  A hungry ghost (D:10)
  A soldier ant (D:10)
  7 porcupines
  9 orc warriors
  10 water moccasins
  2 sky beasts
  A necrophage (D:11)
  A swamp drake (D:10)
  4 phantoms
  3 black bears
  6 ice beasts
  23 wolves
  3 ogres
  7 crocodiles
  9 centaurs
  4 big kobolds
  25 bullfrogs
  6 scorpions
  4 wights
  3 killer bees (D:11)
  8 howler monkeys
  2 crimson imps
  2 centaur zombies
  2 bullfrog zombies (D:12)
  9 orc priests
  4 jellies
  18 orc wizards
  5 hounds
  3 centaur skeletons
  A bullfrog skeleton (D:7)
  5 iguanas
  5 worker ants
  A killer bee zombie (D:7)
  A hound zombie (D:5)
  A hound skeleton (D:4)
  A worker ant zombie (D:8)
  A gnoll (D:1)
  19 adders
  3 shadow imps
  An ooze (D:1)
  2 adder zombies
  An adder skeleton (D:4)
  2 worms
  2 dart slugs
  3 leopard geckos
  42 orcs
  10 bats
  5 giant cockroaches
  3 goblins
  12 hobgoblins
  5 jackals
  21 kobolds
  8 quokkas
  2 ball pythons
  7 frilled lizards
  A jackal skeleton (D:5)
  A jackal zombie (D:6)
  2 leopard gecko skeletons
  A quokka skeleton (D:5)
  10 rats
497 creatures vanquished.

Vanquished Creatures (collateral kills)
  A basilisk (Lair:5)
1 creature vanquished.

Vanquished Creatures (others)
  6 fungi
  A plant (Lair:2)
7 creatures vanquished.

Grand Total: 505 creatures vanquished

Notes
Turn   | Place    | Note
-------+----------+-------------------------------------------
     0 | D:1      | AlphabetPasta the Draconian Transmuter began the quest for the Orb.
     0 | D:1      | Reached XP level 1. HP: 16/16 MP: 3/3
   139 | D:1      | Reached XP level 2. HP: 14/23 MP: 3/5
   143 | D:1      | Learned a level 2 spell: Sticks to Snakes
   638 | D:1      | Reached XP level 3. HP: 13/28 MP: 6/6
  1102 | D:2      | Learned a level 3 spell: Spider Form
  1263 | D:2      | HP: 1/29 [worm (9)]
  1658 | D:2      | Reached XP level 4. HP: 19/36 MP: 7/7
  2725 | D:3      | Reached XP level 5. HP: 25/41 MP: 8/8
  2872 | D:3      | Reached skill level 1 in Poison Magic
  3744 | D:4      | Reached skill level 4 in Unarmed Combat
  3767 | D:4      | Reached XP level 6. HP: 19/50 MP: 6/10
  3772 | D:4      | Reached skill level 1 in Evocations
  4091 | D:4      | Found a snail-covered altar of Cheibriados.
  4336 | D:4      | Found Rotzafil's Armour Boutique.
  4344 | D:4      | Bought a +0 pair of gloves for 63 gold pieces
  4344 | D:4      | Bought a +0 cloak for 63 gold pieces
  4539 | D:5      | Entered Level 5 of the Dungeon
  4550 | D:5      | Noticed an ice beast
  4567 | D:5      | Killed an ice beast
  4772 | D:5      | Your scales start taking on a golden yellow colour.
  4772 | D:5      | Reached XP level 7. HP: 52/56 MP: 11/11
  4858 | D:5      | Reached skill level 5 in Unarmed Combat
  4925 | D:5      | Found Zujiptile's Antique Weapon Emporium.
  5084 | D:5      | Found a basalt altar of Yredelemnul.
  5285 | D:5      | Learned a level 4 spell: Ice Form
  5329 | D:5      | Reached skill level 5 in Transmutations
  5329 | D:5      | Reached XP level 8. HP: 53/63 MP: 13/13
  5803 | D:6      | Reached skill level 1 in Ice Magic
  5839 | D:6      | Reached skill level 6 in Unarmed Combat
  6156 | D:6      | Found Kishruf's Armour Boutique.
  6163 | D:6      | Found Odiumum's Magic Scroll Boutique.
  6180 | D:6      | Found Inol's Distillery.
  6181 | D:6      | Found Kongar's Book Boutique.
  6196 | D:6      | Bought a scroll of identify for 20 gold pieces
  6196 | D:6      | Bought a scroll of identify for 20 gold pieces
  6196 | D:6      | Bought a scroll of identify for 20 gold pieces
  6201 | D:6      | Bought a potion of heal wounds for 70 gold pieces
  6201 | D:6      | Bought a potion of lignification for 42 gold pieces
  6201 | D:6      | Bought a potion of degeneration for 14 gold pieces
  6253 | D:6      | Found Enueduine's Antique Weapon Shoppe.
  6808 | D:6      | Upgraded the game from 0.20-a0-386-g2d247ea to 0.20-a0-390-g4892b34
  6919 | D:7      | Reached XP level 9. HP: 24/71 MP: 13/15
  7438 | D:7      | Found Poqoe's Weapon Emporium.
  7473 | D:7      | Found a sparkling altar of Nemelex Xobeh.
  7500 | D:7      | Found a staircase to the Ecumenical Temple.
  7508 | Temple   | Entered the Ecumenical Temple
  7687 | Temple   | Became a worshipper of Makhleb the Destroyer
  8456 | D:8      | Reached skill level 7 in Unarmed Combat
  8463 | D:8      | Learned a level 5 spell: Blade Hands
  8481 | D:8      | Found an iron altar of Okawaru.
  8489 | D:8      | Reached skill level 1 in Invocations
  8527 | D:8      | Got a translucent arbalest
  8528 | D:8      | Identified the +6 arbalest of Flawed Execution {elec, rF- rC++} (You found it on level 8 of the Dungeon)
  8985 | D:8      | Noticed Prince Ribbit
  8992 | D:8      | Killed Prince Ribbit
  8992 | D:8      | Reached * piety under Makhleb
  8992 | D:8      | Reached skill level 1 in Crossbows
  9263 | D:8      | Found a staircase to the Lair.
  9273 | D:8      | Reached skill level 5 in Fighting
  9495 | D:8      | Noticed a two-headed ogre
  9505 | D:8      | Reached skill level 5 in Spellcasting
  9538 | D:8      | Killed a two-headed ogre
  9538 | D:8      | Reached skill level 5 in Dodging
  9538 | D:8      | Reached XP level 10. HP: 53/81 MP: 13/17
  9907 | D:9      | Reached skill level 8 in Unarmed Combat
 10090 | D:9      | Reached ** piety under Makhleb
 10160 | D:9      | Found a sacrificial altar of Ru.
 10163 | D:9      | Found a hide-covered altar of Uskayaw.
 10166 | D:9      | Found a bloodstained altar of Trog.
 10311 | D:10     | Entered Level 10 of the Dungeon
 10433 | D:10     | Found a deep blue altar of Sif Muna.
 10436 | D:10     | Noticed Erolcha
 10454 | D:10     | Killed Erolcha
 10694 | D:10     | Noticed a two-headed ogre
 11061 | D:10     | Noticed a two-headed ogre
 11115 | D:10     | Killed a two-headed ogre
 11224 | D:10     | Killed a two-headed ogre
 11224 | D:10     | Reached XP level 11. HP: 89/89 MP: 16/20
 11351 | D:10     | Noticed an eight-headed hydra
 11367 | D:10     | Killed an eight-headed hydra
 11721 | D:10     | Reached skill level 9 in Unarmed Combat
 11827 | D:10     | Reached *** piety under Makhleb
 11939 | D:10     | Reached skill level 5 in Invocations
 11971 | D:10     | Noticed an orc knight
 11972 | D:10     | Found a staircase to the Orcish Mines.
 12002 | D:10     | Killed an orc knight
 12177 | D:10     | Upgraded the game from 0.20-a0-390-g4892b34 to 0.20-a0-396-gbf3f530
 12276 | D:11     | Noticed a five-headed hydra
 12587 | D:11     | Killed an unseen horror
 12833 | D:11     | Noticed Kaishin's ghost (journeyman OpTm)
 12878 | D:11     | Killed Kaishin's ghost
 12902 | D:11     | Reached **** piety under Makhleb
 12945 | D:11     | Upgraded the game from 0.20-a0-396-gbf3f530 to 0.20-a0-399-g87fc977
 13151 | D:11     | Noticed a green ugly thing
 13172 | D:11     | Killed a white ugly thing
 13654 | D:11     | Killed a five-headed hydra
 13654 | D:11     | Reached skill level 10 in Unarmed Combat
 13903 | D:12     | Noticed a cyan ugly thing
 13903 | D:12     | Reached XP level 12. HP: 97/97 MP: 19/22
 14393 | D:12     | Noticed bombasticus's ghost (journeyman MiBe)
 14744 | D:12     | Noticed a two-headed ogre
 14755 | D:12     | Killed a two-headed ogre
 14755 | D:12     | Reached skill level 10 in Transmutations
 14790 | D:12     | Learned a level 3 spell: Ozocubu's Armour
 15353 | Lair:1   | Entered Level 1 of the Lair of Beasts
 15502 | Lair:1   | Reached ***** piety under Makhleb
 15606 | Lair:1   | Noticed gg19's ghost (journeyman TeFE)
 15613 | Lair:1   | Killed gg19's ghost
 16168 | Lair:2   | Learned a level 2 spell: Repel Missiles
 16171 | Lair:2   | Learned a level 2 spell: Blink
 16230 | Lair:2   | HP: 3/100 [something/ball of steam (13)]
 16238 | Lair:2   | Reached skill level 5 in Crossbows
 16650 | Lair:2   | Found a staircase to the Snake Pit.
 17036 | Lair:2   | Reached skill level 11 in Unarmed Combat
 17050 | Lair:2   | Reached skill level 1 in Charms
 17160 | Lair:2   | Reached XP level 13. HP: 105/105 MP: 21/24
 17764 | Lair:2   | Reached skill level 1 in Translocations
 18415 | Lair:3   | Noticed Fannar
 18428 | Lair:3   | Killed Fannar
 18428 | Lair:3   | Reached skill level 1 in Air Magic
 18428 | Lair:3   | Reached skill level 5 in Evocations
 18711 | Lair:3   | Found a staircase to the Shoals.
 18925 | Lair:4   | Found an ancient bone altar of Kikubaaqudgha.
 19214 | Lair:4   | Got a scorched bronze amulet
 19287 | Lair:4   | Noticed Nergalle
 19296 | Lair:4   | Killed Nergalle
 20458 | Lair:5   | Found a viscous altar of Jiyva.
 20459 | Lair:5   | Found a staircase to the Slime Pits.
 20625 | Lair:6   | Entered Level 6 of the Lair of Beasts
 20625 | Lair:6   | Found a radiant altar of Vehumet.
 20645 | Lair:6   | Reached skill level 5 in Ice Magic
 21006 | Lair:6   | Identified the amulet "Dir Iby" {*Slow +Rage rF+ Str+7 Slay+2} (You found it on level 4 of the Lair of Beasts)
 21245 | Lair:6   | Reached skill level 12 in Unarmed Combat
 21667 | Lair:6   | Gained mutation: You have acidic saliva. [Yellow Draconian growth]
 21667 | Lair:6   | Reached XP level 14. HP: 79/113 MP: 22/26
 21728 | Lair:6   | Reached ****** piety under Makhleb
 22013 | Lair:6   | Paralysed by a hornet for 3 turns
 22017 | Lair:6   | Paralysed by a hornet for 2 turns
 22019 | Lair:6   | Slain by a hornet

Vault maps used:
D:1:      saegor_arrival_simple_d, serial_corexii_hall, corexii_hall_statues_x,
          corexii_hall_statues_s
D:4:      old_standard_altar, serial_shops, shop, first_bread
D:5:      yredelemnul_altar_generic, serial_shops, shop, minmay_misc_feat_tower
D:6:      serial_shops, shop, minmay_shop_grid_forest
D:7:      nemelex_xobeh_ov_fountains_minmay, serial_shops, shop_statue
D:8:      grunt_lair_entry_orc_guard_hut, basic_altar, uniq_prince_ribbit1
D:9:      grunt_temple_overflow_diamond
D:10:     minmay_bloctagon_deflated, erik_orc_2, led_sif_book, uniq_erolcha
Temple:   regret_index_temple_generic_petals
Lair:2:   dummy_snake_entry, bobbens_dragon_lair_wall
Lair:3:   elwin_shoals_entry_rocks, grunt_forest_large_clearings, uniq_fannar
Lair:4:   basic_altar, uniq_nergalle
Lair:5:   dpeg_slime_entry_enclosed_altar
Lair:6:   grunt_lair_end_beastmaster, basic_altar, dpeg_oklob_1

Skill      XL: |  1  2  3  4  5  6  7  8  9 10 11 12 13 14 |
---------------+-------------------------------------------+-----
Dodging        | 2 3 4 5 6 7 8 |  8.3
Fighting       | 2 3 4 5 6 7 |  7.2
Transmutations | 3 4 5 6 7 8 9 10 11 | 11.6
Poison Magic   | 1 |  1.0
Unarmed Combat | 4 5 6 7 8 10 11 12 | 12.2
Spellcasting   | 3 4 5 6 7 8 |  8.3
Evocations     | 1 2 3 4 5 |  5.0
Ice Magic      | 1 2 4 5 |  5.8
Invocations    | 2 4 5 6 7 |  7.3
Crossbows      | 2 3 4 5 6 |  6.1
Charms         | 1 2 |  2.6
Translocations | 1 |  1.4
Air Magic      | 1 |  1.1

Action                   |  1- 3 |  4- 6 |  7- 9 | 10-12 | 13-15 || total
-------------------------+-------+-------+-------+-------+-------++-------
Melee: Unarmed           |   157 |   231 |   387 |   765 |   537 ||  2077
       Headbutt          |     7 |    17 |    56 |    28 |     3 ||   111
       Tailslap          |    16 |    25 |    43 |    56 |    17 ||   157
       Punch             |     2 |     4 |    13 |    21 |    11 ||    51
       Kick              |     9 |    13 |       |       |       ||    22
       Bite              |       |       |       |       |     5 ||     5
 Cast: Beastly Appendage |    18 |    28 |    44 |    33 |     2 ||   125
       Spider Form       |       |     2 |    10 |    35 |    25 ||    72
       Blade Hands       |       |       |       |    16 |     7 ||    23
       Ice Form          |       |       |       |     6 |    17 ||    23
       Ozocubu's Armour  |       |       |       |     4 |    25 ||    29
       Repel Missiles    |       |       |       |     1 |     1 ||     2
       Blink             |       |       |       |       |     3 ||     3
Invok: Minor Destruction |       |       |       |     3 |       ||     3
 Abil: Breathe Acid      |       |       |    17 |     9 |    15 ||    41
       End Transformatio |       |       |       |     1 |     3 ||     4
Evoke: Wand              |       |       |     1 |    34 |     7 ||    42
  Use: Scroll            |     3 |     7 |     9 |    12 |     6 ||    37
       Potion            |       |     1 |       |    14 |     2 ||    17
 Stab: Sleeping          |     1 |     2 |       |       |       ||     3
       Confused          |       |       |       |     6 |       ||     6
       Petrified         |       |       |       |       |     3 ||     3
       Petrifying        |       |       |       |       |     2 ||     2
  Eat: Chunk             |     3 |     8 |    15 |    23 |    12 ||    61
       Royal jelly       |       |     1 |     1 |     1 |       ||     3
       Pizza             |       |     1 |     1 |     1 |     1 ||     4
       Fruit             |       |       |       |     8 |     4 ||    12
       Bread ration      |       |       |       |     1 |     1 ||     2
Armor: Skin              |    38 |    51 |   119 |   136 |   134 ||   478
Dodge: Dodged            |    91 |   154 |   227 |   666 |   385 ||  1523
       Deflected         |       |       |       |     2 |     3 ||     5
